 Dungeon Crawl Stone Soup version 0.16-a0-2675-g216447c (console) character file.

1157 utis the Cudgeler (level 8, 0/46 HPs)
             Began as a Kobold Fighter on Nov 24, 2014.
             Slain by a killer bee (4 damage)
             ... on level 7 of the Dungeon.
             The game lasted 00:21:25 (8902 turns).

utis the Cudgeler (Kobold Fighter)                  Turns: 8902, Time: 00:21:25

Health: 0/46       AC:  7    Str: 14    XL:     8   Next: 66%
Magic:  8/8        EV: 14    Int:  8    God:
Gold:   306        SH:  5    Dex: 16    Spells: 2 memorised, 4 levels left

rFire  . . .     SeeInvis .     a - +1 flail
rCold  . . .     Clarity  .     D - +0 ring mail
rNeg   + . .     SustAb   .     c - +0 buckler
rPois  .         Gourm    .     (no helmet)
rElec  .         Spirit   .     y - +1 cloak
rCorr  .         Warding  +     (no gloves)
rMut   .         Stasis   .     (no boots)
MR     .....                    j - amulet of warding
Stlth  +.........               (no ring)
                                J - +3 ring of evasion

@: lethally poisoned, not resistant to hostile enchantments, very unstealthy
A: carnivore 3
a: no special abilities


You were on level 7 of the Dungeon.
You were completely stuffed.

You visited 1 branch of the dungeon, and saw 7 of its levels.

You collected 306 gold pieces.

Inventory:

Hand weapons
 a - a +1 flail (weapon)
 L - a +0 hunting sling
 N - a +0 hunting sling of freezing
Missiles
 f - 110 stones (quivered)
 v - 11 poisoned needles
 M - 24 sling bullets
Armour
 b - a +0 scale mail
 c - a +0 buckler (worn)
 e - a +0 chain mail
 y - a +1 cloak (worn)
 D - a +0 ring mail (worn)
 H - a +0 chain mail
Jewellery
 j - an amulet of warding (around neck)
 q - an uncursed ring of teleportation
 J - a +3 ring of evasion (left hand)
Magical devices
 x - a wand of random effects (48)
Scrolls
 h - 3 scrolls of fear {unknown}
 i - a scroll of immolation
 n - a scroll of teleportation {unknown}
 p - a scroll of magic mapping
 s - a scroll of recharging
 t - a scroll of enchant armour {unknown}
 u - a scroll of fog
 z - a scroll of amnesia {unknown}
 A - 2 scrolls of vulnerability {unknown}
 B - 2 scrolls of remove curse
 F - 2 scrolls of enchant weapon
Potions
 g - 2 potions of haste
 k - 5 potions of curing
 m - 2 potions of brilliance
 o - a potion of resistance
 w - a potion of agility
 G - a potion of poison {unknown}
 I - 2 potions of invisibility
Books
 E - a Young Poisoner's Handbook

   Spells                             Type                      Level
   *Sting                             Conjuration/Poison           1
   *Cure Poison                       Poison                       2
   Mephitic Cloud                     Conjuration/Poison/Air       3
   Olgreb's Toxic Radiance            Poison                       4
   Venom Bolt                         Conjuration/Poison           5
Comestibles
 d - 6 meat rations
 l - 2 beef jerkies
 r - 2 slices of pizza


   Skills:
 - Level 3.2 Fighting
 + Level 6.2 Maces & Flails
 - Level 2.4 Armour
 - Level 2.4 Shields
 - Level 4.7 Conjurations
 - Level 5.2 Poison Magic


You had 4 spell levels left.
You knew the following spells:

 Your Spells              Type           Power        Failure   Level  Hunger
a - Sting                 Conj/Pois      #...         17%         1    ##.....
Z - Cure Poison           Pois           #.........   21%         2    ###....


Dungeon Overview and Level Annotations

Branches:
Dungeon (7/15)
 Temple: D:4-7

Altars:
Ashenzari
Nemelex Xobeh
Ru
Zin

Shops:
D:6 [


Innate Abilities, Weirdness & Mutations

You are small and have problems with some larger weapons.
You are carnivorous and can eat meat at any time.


Message History

The killer bee misses you.
You miss the killer bee.
The killer bee stings you but does no damage.
The killer bee misses you. The killer bee closely misses you.
You closely miss the killer bee. The killer bee stings you!
* * * LOW HITPOINT WARNING * * *
You are lethally poisoned!
The killer bee poisons you! You block the killer bee's attack.
You closely miss the killer bee.
* * * LOW HITPOINT WARNING * * *
You feel sick. The killer bee misses you. The killer bee barely misses you.
You miss the killer bee.
* * * LOW HITPOINT WARNING * * *
You feel sick. You block the killer bee's attack.
The killer bee closely misses you.
You thump the killer bee!
The killer bee is heavily wounded.
The killer bee barely misses you. You block the killer bee's attack.
The killer bee stings you.
You die...

............▓▓.....▓▓▓▓▓▓.▓
........o...................
▓.▓▓▓▓▓.....▓▓...o..▓▓▓▓▓.▓
▓ ▓......▓....o.▓▓▓▓
▓.▓.▓K.▓.........▓
▓.▓▓▓▓▓.▓.▓.y▓▓▓▓▓▓.▓▓.▓ ▓
▓............▓ ▓.▓ ▓ ▓
▓..........yy▓▓▓▓▓▓.▓▓.▓ ▓
.........▓.ogooyK......▓▓▓ ▓
▓.▓▓▓▓▓▓▓▓▓.▓▓▓▓▓▓▓'▓....▓ ▓
▓.▓ ........▓ ▓ ▓.▓
....➘....▓ ▓ ▓.▓
.........▓▓▓▓▓▓▓▓ ▓.▓
.........▓....... ▓.▓
..........▓.▓▓▓▓▓▓ ▓.▓
..........▓.▓ ▓..
..........▓.▓


You could see an orc warrior, 3 killer bees, 2 orcs and a goblin.

Vanquished Creatures
  Eustachio (D:5)
  A sky beast (D:5)
  2 ogres (D:5)
  A centaur (D:5)
  Blork the orc (D:5)
  2 giant frogs
  2 crimson imps (D:5)
  A goliath beetle (D:6)
  A giant frog zombie (D:5)
  A hound (D:4)
  A centaur skeleton (D:5)
  An orc wizard (D:5)
  2 worker ants
  2 worker ant zombies
  7 adders
  4 gnolls (D:5)
  3 shadow imps
  A worm (D:5)
  4 giant geckos
  13 orcs
  9 bats
  2 bat skeletons
  6 giant cockroaches
  11 goblins
  9 hobgoblins
  4 jackals (D:2)
  13 kobolds
  4 quokkas
  2 ball pythons (D:1)
  5 giant newts
  17 rats
133 creatures vanquished.

Notes
Turn   | Place    | Note
--------------------------------------------------------------
     0 | D:1      | utis, the Kobold Fighter, began the quest for the Orb.
     0 | D:1      | Reached XP level 1. HP: 14/14 MP: 1/1
   162 | D:1      | Reached XP level 2. HP: 17/19 MP: 2/2
  1002 | D:1      | Reached XP level 3. HP: 23/23 MP: 3/3
  2231 | D:3      | Reached skill level 4 in Maces & Flails
  2231 | D:3      | Reached XP level 4. HP: 23/28 MP: 4/4
  2625 | D:3      | Noticed a giant frog
  2634 | D:3      | Killed a giant frog
  2634 | D:3      | Reached skill level 5 in Maces & Flails
  2634 | D:3      | Reached XP level 5. HP: 21/32 MP: 5/5
  2904 | D:3      | Found a sacrificial altar of Ru.
  3845 | D:4      | Learned a level 1 spell: Sting
  4091 | D:4      | Reached skill level 1 in Poison Magic
  4134 | D:4      | Reached XP level 6. HP: 35/37 MP: 6/6
  4326 | D:5      | Entered Level 5 of the Dungeon
  4326 | D:5      | Found a shattered altar of Ashenzari.
  4333 | D:5      | Reached skill level 1 in Conjurations
  5146 | D:5      | Reached XP level 7. HP: 13/41 MP: 7/7
  5367 | D:5      | Found a sparkling altar of Nemelex Xobeh.
  5835 | D:5      | Learned a level 2 spell: Cure Poison
  6270 | D:5      | Noticed Eustachio
  6545 | D:5      | Noticed Blork the orc
  6593 | D:5      | Killed Blork the orc
  6593 | D:5      | Reached XP level 8. HP: 22/46 MP: 8/8
  6795 | D:5      | Killed Eustachio
  6890 | D:5      | Reached skill level 5 in Poison Magic
  6992 | D:6      | Found Seveipp's Armour Emporium.
  7873 | D:6      | Reached skill level 6 in Maces & Flails
  7935 | D:6      | Found a glowing silver altar of Zin.
  8902 | D:7      | Slain by a killer bee

Action                   |  1- 3 |  4- 6 |  7- 9 || total
-------------------------+-------+-------+-------++-------
Melee: Flail             |   132 |   163 |   225 ||   520
Throw: Stone             |     9 |     4 |    13 ||    26
 Cast: Sting             |       |     2 |    47 ||    49
  Use: Scroll            |     9 |     2 |     5 ||    16
       Potion            |       |     1 |     4 ||     5
  Eat: Chunk             |    12 |    10 |    15 ||    37
